 Dungeon Crawl Stone Soup version 0.31-a0-217-g58bb5d79cf (webtiles) character file.

Game seed: 16991957715067404938

44 qw the Shooter (level 3, -4/29 HPs)
             Began as a Minotaur Hexslinger on July 2, 2023.
             Slain by Grinder (8 damage)
             ... while paralysed by Grinder
             ... on level 3 of the Dungeon.
             The game lasted 00:00:37 (1520 turns).

qw the Shooter (Minotaur Hexslinger)                Turns: 1520, Time: 00:00:37

Health: -4/29      AC:  7    Str: 12    XL:     3   Next: 41%
Magic:  3/3        EV:  2    Int: 10    God:
Gold:   73         SH:  0    Dex: 14    Spells: 3/4 levels left

rFire   . . .        Y - +0 sling (flame)
rCold   . . .        (no shield)
rNeg    . . .        c - +0 ring mail
rPois   .            (helmet restricted)
rElec   .            (no cloak)
rCorr   .            (no gloves)
SInv    .            b - +1 pair of boots
Will    .....        (no amulet)
Stlth   +            (no ring)
HPRegen 0.24/turn    (no ring)
MPRegen 0.08/turn

%: no passive effects
@: paralysed
A: horns 2, retaliatory headbutt
a: no special abilities


You were on level 3 of the Dungeon.
You visited 1 branch of the dungeon, and saw 3 of its levels.

You collected 73 gold pieces.


Innate Abilities, Weirdness & Mutations

You have a pair of horns on your head.
You reflexively headbutt those who attack you in melee.


   Skills:
 - Level 2.0 Fighting
 - Level 4.0 Ranged Weapons
 + Level 0.1 Armour
 - Level 2.1 Dodging
 - Level 1.0 Spellcasting
 - Level 2.0 Hexes


You had 3 spell levels left.
You knew the following spells:

 Your Spells              Type           Power      Damage    Failure   Level
a - Slow                  Hex            16%        N/A       34%         1

Your spell library contained the following spells:

 Spells                   Type           Power      Damage    Failure   Level
 Inner Flame              Hex/Fire       2%         N/A       83%         3
 Portal Projectile        Hex/Tloc       4%         N/A       83%         3
 Cause Fear               Hex            2%         N/A       98%         4

Inventory:

Hand Weapons
 Y - a +0 sling of flaming (weapon)
Armour
 b - a +1 pair of boots (worn)
 c - a +0 ring mail (worn)
Potions
 a - a potion of attraction {unknown}
 d - a potion of enlightenment {unknown}
 e - a potion of magic {unknown}
 f - a potion of invisibility {unknown}
 g - a potion of curing {unknown}
 h - a potion of cancellation {unknown}
 i - a potion of heal wounds

Dungeon Overview and Level Annotations

Branches:
Dungeon (3/15)

Altars:

Annotations:
D:3 Grinder


Message History

Grinder is nearby!
You shoot a sling bullet.
The sling bullet hits Grinder but does no damage.
Grinder says, "I used to sell toenails on the black market."
You shoot a sling bullet.
The sling bullet closely misses Grinder.
You shoot a sling bullet. The sling bullet hits Grinder.
The sling bullet burns Grinder.
Grinder is lightly wounded.
Grinder misses you.
You shoot a sling bullet.
The sling bullet hits Grinder but does no damage.
Grinder is lightly wounded.
Grinder hits you. Grinder gestures at you.
You suddenly lose the ability to move!
Grinder hits you but does no damage.
You can move again.
You shoot a sling bullet.
The sling bullet hits Grinder but does no damage.
Grinder is lightly wounded.
Grinder hits you.
You writhe in agony.
You shoot a sling bullet.
The sling bullet hits Grinder but does no damage.
Grinder is lightly wounded.
Grinder misses you.
You shoot a sling bullet.
The sling bullet completely misses Grinder.
Grinder hits you.
You writhe in agony.
Grinder blinks!
You shoot a sling bullet. The sling bullet barely misses Grinder.
You shoot a sling bullet. The sling bullet hits Grinder.
The sling bullet burns Grinder.
Grinder is lightly wounded.
Grinder gestures at you.
You suddenly lose the ability to move!
Grinder gestures at you. Pain shoots through your body!
Grinder says, "Don't move a muscle."
Grinder hits you!
You die...

#..............#
#.############.# #.# #.#
#### #.# #.###
....####.# #....
......#.# #....
##.#....############....
#
...................[....
#.
##.#..5@############....
###.#####.##.#.######
#....
......##............#
###<#
#.#..#####.#.#####<# #.#
#..#>........# #.#
#.#..#####.### #.#
####.#..#####.# ...
#.............# ...
#.......####### ...


You could see Grinder.

Vanquished Creatures
  2 worms (D:2)
  3 bats
  7 endoplasms (D:2)
  A giant cockroach (D:1)
  A goblin (D:2)
  4 hobgoblins
  4 jackals (D:1)
  5 ball pythons
  A frilled lizard (D:2)
  7 kobolds
  A rat (D:1)
36 creatures vanquished.

Notes
Turn   | Place    | Note
-------+----------+-------------------------------------------
     0 | D:1      | qw the Minotaur Hexslinger began the quest for the Orb.
     0 | D:1      | Reached XP level 1. HP: 16/16 MP: 1/1
     0 | D:1      | 0 ||| qw: Version: 0.3-a-40-ge99b1a8
     0 | D:1      | 0 ||| qw: Game counter: 170
     0 | D:1      | 0 ||| qw: Melee chars always use a shield: true
     0 | D:1      | 0 ||| qw: God list: Okawaru
     0 | D:1      | 0 ||| qw: Allow faded altars: false
     0 | D:1      | 0 ||| qw: Do Orc after clearing Dungeon:15 true
     0 | D:1      | 0 ||| qw: Do second Lair branch before Depths: true
     0 | D:1      | 0 ||| qw: Lair rune preference: random
     0 | D:1      | 0 ||| qw: Goals: Normal
     0 | D:1      | 0 ||| PLANNING D:1-11
    28 | D:1      | Found a faded altar of an unknown god.
   162 | D:1      | Reached skill level 3 in Ranged Weapons
   166 | D:1      | Reached XP level 2. HP: 23/23 MP: 2/2
   210 | D:1      | You fall into a shaft and drop 1 floor!
   366 | D:2      | 366 ||| UPGRADING to +0 leather armour.
   376 | D:2      | 376 ||| DROPPING +0 robe.
   377 | D:2      | 377 ||| READING scroll labelled HAIREL KOCI.
   381 | D:2      | 381 ||| READING scroll labelled DUPSIDUICO.
   382 | D:2      | 382 ||| DROPPING scroll of poison.
   401 | D:2      | 401 ||| FLEEEEING.
   402 | D:2      | 402 ||| FLEEEEING.
   403 | D:2      | 403 ||| FLEEEEING.
   407 | D:2      | 407 ||| FLEEEEING.
   408 | D:2      | 408 ||| STAIRDANCE
   474 | D:1      | 474 ||| SWAPPING to +0 sling of flaming.
   475 | D:1      | 475 ||| DROPPING +1 sling.
   825 | D:1      | 825 ||| UPGRADING to +1 pair of boots.
   830 | D:1      | 830 ||| DROPPING ring of flight.
   831 | D:1      | 831 ||| READING scroll labelled ZYETI NEFEORUD.
   832 | D:1      | 832 ||| READING scroll labelled FUHYFROIKA.
   833 | D:1      | 833 ||| DRINKING 2 ruby potions.
   936 | D:2      | Reached XP level 3. HP: 29/29 MP: 3/3
  1177 | D:2      | Reached skill level 4 in Ranged Weapons
  1253 | D:2      | 1253 ||| UPGRADING to +0 ring mail.
  1263 | D:2      | 1263 ||| DROPPING +0 leather armour.
  1264 | D:2      | 1264 ||| READING scroll labelled DAXICS XOUTT.
  1365 | D:2      | 1365 ||| READING scroll labelled ISEIDI TARPH.
  1471 | D:3      | Noticed Grinder
  1474 | D:3      | 1474 ||| FLEEEEING.
  1475 | D:3      | 1475 ||| FLEEEEING.
  1476 | D:3      | 1476 ||| FLEEEEING.
  1477 | D:3      | 1477 ||| FLEEEEING.
  1478 | D:3      | 1478 ||| FLEEEEING.
  1479 | D:3      | 1479 ||| FLEEEEING.
  1480 | D:3      | 1480 ||| FLEEEEING.
  1481 | D:3      | 1481 ||| FLEEEEING.
  1482 | D:3      | 1482 ||| FLEEEEING.
  1483 | D:3      | 1483 ||| FLEEEEING.
  1484 | D:3      | 1484 ||| FLEEEEING.
  1485 | D:3      | 1485 ||| FLEEEEING.
  1487 | D:3      | 1487 ||| FLEEEEING.
  1488 | D:3      | 1488 ||| FLEEEEING.
  1489 | D:3      | 1489 ||| FLEEEEING.
  1490 | D:3      | 1490 ||| FLEEEEING.
  1491 | D:3      | 1491 ||| FLEEEEING.
  1495 | D:3      | 1495 ||| FLEEEEING.
  1511 | D:3      | Paralysed by Grinder for 2 turns
  1517 | D:3      | Paralysed by Grinder for 4 turns
  1519 | D:3      | HP: 4/29 [Grinder/nerve-wracking pain (9)]
  1520 | D:3      | Slain by Grinder

Levels and vault maps discovered:
D:1:      dpeg_arrival_line_fractal, layout_loops_ring,
          ebering_ecumenical_altar_webs, nicolae_kite_square_tiling_tiny,
          chequers_jeans
D:2:      layout_basic
D:3:      layout_loops_ring, minmay_bisected, uniq_robin, uniq_sigmund,
          uniq_grinder

Skill      XL: |  1  2  3 |
---------------+----------+-----
Ranged Weapons | 3 4 |  4.0
Fighting       | 2 |  2.0
Armour         | |  0.1
Dodging        | |  2.1
Spellcasting   | |  1.0
Hexes          | |  2.0

Action                     || total
---------------------------++-------
   Fire: Sling             ||   103
    Use: Scroll            ||     6
         Potion            ||     1
 Armour: Robe              ||     3
         Leather armour    ||     1
         Ring mail         ||     1
  Dodge: Dodged            ||    23

Table legend:
 A = Non-vault XP
 B = Vault XP
 C = Vault XP percentage of total XP
 D = Non-vault monster count
 E = Vault monster count
 F = Vault count percentage of total count
                 A         B        C        D         E       F
            +---------+---------+-------+---------+---------+-------
      Total |      64 |       0 |   0.0 |      36 |       0 |   0.0
            +---------+---------+-------+---------+---------+-------
        D:1 |      22 |       0 |   0.0 |      15 |       0 |   0.0
        D:2 |      40 |       0 |   0.0 |      20 |       0 |   0.0
        D:3 |       2 |       0 |   0.0 |       1 |       0 |   0.0
            +---------+---------+-------+---------+---------+-------
